NCAA
IOWA STATE CYCLONES @ OKLAHOMA STATE COWBOYS
05/11/2026
 
TOP OF THE 1ST
Iowa State Cyclones batting - Pitching for Oklahoma State Cowboys : RHP Pablo Ortíz
Pitching: RHP Pablo Ortíz
Batting: LHB Dale Miller 0-0: Called Strike
0-1: Foul Ball, location: 2F
0-2: Ball
1-2: Ball
2-2: Ground out 6-3 (Groundball, 6M)
Batting: RHB Frank Latham 0-0: Ball
1-0: Foul Ball, location: 2F
1-1: Ball
2-1: Ball
3-1: Ground out 1-3 (Groundball, 15S)
Batting: LHB Jerry Trent 0-0: Ball
1-0: Called Strike
1-1: Ball
2-1: Ball
3-1: Base on Balls
Batting: RHB Steve Burton 0-0: Ball
1-0: Foul Ball, location: 2F
1-1: Ball
2-1: Foul Ball, location: 2F
2-2: Strikes out swinging
Top of the 1st over - 0 run(s), 0 hit(s), 0 error(s), 1 left on base; Iowa State 0 - Oklahoma State 0
BOTTOM OF THE 1ST
Oklahoma State Cowboys batting - Pitching for Iowa State Cyclones : LHP José Aragón
Pitching: LHP José Aragón
Batting: LHB Bill Bryan 0-0: Called Strike
0-1: Fly out, F9 (Line Drive, 89M)
Batting: RHB Joe Sulley 0-0: Ball
1-0: Swinging Strike
1-1: Foul Ball, location: 2F
1-2: Strikes out swinging
Batting: RHB John Lynch 0-0: Foul Ball, location: 2F
0-1: Swinging Strike
0-2: SINGLE (Flyball, 7S)
Batting: RHB Augusto Padilla 0-0: Ball
1-0: Ball
2-0: Ball
3-0: Called Strike
3-1: Base on Balls
John Lynch to second
Batting: LHB Cristián Rodríguez 0-0: Ball
1-0: Called Strike
1-1: Swinging Strike
1-2: Ground out 4-3 (Groundball, 4)
Bottom of the 1st over - 0 run(s), 1 hit(s), 0 error(s), 2 left on base; Iowa State 0 - Oklahoma State 0
TOP OF THE 2ND
Iowa State Cyclones batting - Pitching for Oklahoma State Cowboys : RHP Pablo Ortíz
Batting: RHB Fernando Garza 0-0: Called Strike
0-1: Ball
1-1: Called Strike
1-2: Ball
2-2: Ball
3-2: Foul Ball, location: 2F
3-2: Ground out 6-3 (Groundball, 6)
Batting: RHB Arlen Jones 0-0: Swinging Strike
0-1: Foul Ball, location: 2F
0-2: Foul Ball, location: 2F
0-2: Strikes out looking
Batting: RHB Ira Ross 0-0: Ball
1-0: Ball
2-0: Ball
3-0: Called Strike
3-1: Base on Balls
Batting: RHB Robert Snyder 0-0: Ball
1-0: Hit by Pitch
Ira Ross to second
Batting: RHB Arnold Hull 0-0: Called Strike
0-1: Called Strike
0-2: Ball
1-2: Strikes out looking
Top of the 2nd over - 0 run(s), 0 hit(s), 0 error(s), 2 left on base; Iowa State 0 - Oklahoma State 0
BOTTOM OF THE 2ND
Oklahoma State Cowboys batting - Pitching for Iowa State Cyclones : LHP José Aragón
Batting: SHB Ernest Hood 0-0: Called Strike
0-1: Ball
1-1: Called Strike
1-2: Strikes out looking
Batting: LHB Marc Nash 0-0: Fly out, F7 (Flyball, 7M)
Batting: LHB Bryan Davis 0-0: Called Strike
0-1: Ball
1-1: SINGLE (Line Drive, 3L)
Batting: LHB César Colón 0-0: Ball
1-0: Ground out 6-3 (Groundball, 6)
Bottom of the 2nd over - 0 run(s), 1 hit(s), 0 error(s), 1 left on base; Iowa State 0 - Oklahoma State 0
TOP OF THE 3RD
Iowa State Cyclones batting - Pitching for Oklahoma State Cowboys : RHP Pablo Ortíz
Batting: LHB Dale Miller 0-0: Ball
1-0: Ground out 6-3 (Groundball, 6M)
Batting: RHB Frank Latham 0-0: Called Strike
0-1: Ground out 5-3 (Groundball, 56S)
Batting: LHB Jerry Trent 0-0: Called Strike
0-1: Swinging Strike
0-2: Ground out 6-3 (Groundball, 6M)
Top of the 3rd over - 0 run(s), 0 hit(s), 0 error(s), 0 left on base; Iowa State 0 - Oklahoma State 0
BOTTOM OF THE 3RD
Oklahoma State Cowboys batting - Pitching for Iowa State Cyclones : LHP José Aragón
Batting: LHB Bill Bryan 0-0: Swinging Strike
0-1: Ball
1-1: Swinging Strike
1-2: Ball
2-2: SINGLE (Line Drive, 34D)
Batting: RHB Joe Sulley 0-0: SINGLE (Groundball, 6MD)
Bill Bryan to second
Batting: RHB John Lynch 0-0: SINGLE (Flyball, 8LS)
Bill Bryan to third
Joe Sulley to second
Batting: RHB Augusto Padilla 0-0: Ball
1-0: Foul Ball, location: 2F
1-1: Called Strike
1-2: Strikes out swinging
Batting: LHB Cristián Rodríguez 0-0: Ball
1-0: Called Strike
1-1: Ball
2-1: Foul Ball, location: 2F
2-2: Fly out, F8 (Flyball, 8LM)
Runner from 3rd tags up, SCORES, no throw
Batting: SHB Ernest Hood 0-0: Ball
1-0: Called Strike
1-1: Ball
2-1: Ball
3-1: Foul Ball, location: 2F
3-2: Foul Ball, location: 2F
3-2: Foul Ball, location: 2F
3-2: SINGLE (Line Drive, 56D)
Joe Sulley to third
John Lynch to second
Joe Sulley scores
John Lynch to third
Batting: LHB Marc Nash 0-0: Ball
1-0: Ball
2-0: Foul Ball, location: 2F
2-1: Swinging Strike
2-2: Foul Ball, location: 2F
2-2: Fly out, F8 (Line Drive, 8LM)
Bottom of the 3rd over - 2 run(s), 4 hit(s), 0 error(s), 2 left on base; Iowa State 0 - Oklahoma State 2
TOP OF THE 4TH
Iowa State Cyclones batting - Pitching for Oklahoma State Cowboys : RHP Pablo Ortíz
Batting: RHB Steve Burton 0-0: Called Strike
0-1: Foul Ball, location: 2F
0-2: Foul Ball, location: 2F
0-2: Ball
1-2: Foul Ball, location: 2F
1-2: Foul Ball, location: 2F
1-2: SINGLE (Groundball, 4M)
Batting: RHB Fernando Garza 0-0: Ball
1-0: Foul Ball, location: 2F
1-1: Ball
2-1: Swinging Strike
2-2: Ball
3-2: Strikes out looking
Batting: RHB Arlen Jones 0-0: Ball
1-0: Ball
2-0: Foul Ball, location: 2F
2-1: Ball
3-1: Base on Balls
Steve Burton to second
Batting: RHB Ira Ross 0-0: Ball
1-0: Ball
2-0: Called Strike
2-1: Ball
3-1: Called Strike
3-2: Strikes out swinging
Arlen Jones is caught stealing 2nd base
Batter strikes out.
Top of the 4th over - 0 run(s), 1 hit(s), 0 error(s), 1 left on base; Iowa State 0 - Oklahoma State 2
BOTTOM OF THE 4TH
Oklahoma State Cowboys batting - Pitching for Iowa State Cyclones : LHP José Aragón
Batting: LHB Bryan Davis 0-0: Foul Ball, location: 2F
0-1: Ball
1-1: Ground out 4-3 (Groundball, 4)
Batting: LHB César Colón 0-0: Ball
1-0: Ball
2-0: Foul Ball, location: 2F
2-1: Foul Ball, location: 2F
2-2: Foul Ball, location: 2F
2-2: Foul Ball, location: 2F
2-2: Strikes out looking
Batting: LHB Bill Bryan 0-0: Called Strike
0-1: Foul Ball, location: 2F
0-2: Strikes out swinging
Bottom of the 4th over - 0 run(s), 0 hit(s), 0 error(s), 0 left on base; Iowa State 0 - Oklahoma State 2
TOP OF THE 5TH
Iowa State Cyclones batting - Pitching for Oklahoma State Cowboys : RHP Pablo Ortíz
Batting: RHB Robert Snyder 0-0: Ball
1-0: Called Strike
1-1: SINGLE (Line Drive, 56D)
Batting: RHB Arnold Hull 0-0: Ball
1-0: Ball
2-0: Ball
3-0: Called Strike
3-1: SINGLE (Groundball, 4MD)
Robert Snyder to second
Runner from 2nd tries for 3rd, SAFE, throw made to third
Pitching: LHP Alan Stewart
Batting: LHB Dale Miller 0-0: Ball
1-0: Called Strike
1-1: Ball
2-1: Foul Ball, location: 2F
2-2: Foul Ball, location: 2F
2-2: Foul Ball, location: 2F
2-2: Ball
3-2: Foul Ball, location: 2F
3-2: Base on Balls
Arnold Hull to second
Batting: RHB Frank Latham 0-0: Ball
1-0: Called Strike
1-1: Swinging Strike
1-2: Strikes out swinging
Batting: LHB Jerry Trent 0-0: Ball
1-0: Called Strike
1-1: Grounds into fielders choice 1-2 (Groundball, 15)
Arnold Hull to third
Dale Miller to second
Batting: RHB Steve Burton 0-0: DOUBLE (Flyball, 89D)
Arnold Hull scores
Dale Miller scores
Jerry Trent to third
Batting: RHB Fernando Garza 0-0: Swinging Strike
0-1: Ball
1-1: Called Strike
1-2: Strikes out looking
Top of the 5th over - 2 run(s), 3 hit(s), 0 error(s), 2 left on base; Iowa State 2 - Oklahoma State 2
BOTTOM OF THE 5TH
Oklahoma State Cowboys batting - Pitching for Iowa State Cyclones : LHP José Aragón
Batting: RHB Joe Sulley 0-0: Fly out, F8 (Flyball, 8LM)
Batting: RHB John Lynch 0-0: Fly out, F8 (Flyball, 8LM)
Batting: RHB Augusto Padilla 0-0: Called Strike
0-1: Ball
1-1: Ball
2-1: Ball
3-1: Called Strike
3-2: Strikes out swinging
Bottom of the 5th over - 0 run(s), 0 hit(s), 0 error(s), 0 left on base; Iowa State 2 - Oklahoma State 2
TOP OF THE 6TH
Iowa State Cyclones batting - Pitching for Oklahoma State Cowboys : LHP Alan Stewart
Batting: RHB Arlen Jones 0-0: Ball
1-0: Swinging Strike
1-1: Ground out 5-3 (Groundball, 56)
Batting: RHB Ira Ross 0-0: Ball
1-0: Ball
2-0: Ball
3-0: Base on Balls
Batting: RHB Robert Snyder 0-0: Ball
1-0: Ball
2-0: DOUBLE (Line Drive, 7LM)
Ira Ross to third
Batting: RHB Arnold Hull 0-0: Called Strike
0-1: Ball
1-1: Called Strike
1-2: Strikes out swinging
Pitching: RHP Paul Sánchez
Batting: LHB Dale Miller 0-0: Ball
1-0: Ball
2-0: Foul Ball, location: 2F
2-1: Swinging Strike
2-2: Strikes out looking
Top of the 6th over - 0 run(s), 1 hit(s), 0 error(s), 2 left on base; Iowa State 2 - Oklahoma State 2
BOTTOM OF THE 6TH
Oklahoma State Cowboys batting - Pitching for Iowa State Cyclones : LHP José Aragón
Batting: LHB Cristián Rodríguez 0-0: Ball
1-0: Ball
2-0: Ball
3-0: Called Strike
3-1: Ground out 1-3 (Groundball, 15)
Pitching: RHP Richard Lee
Batting: SHB Ernest Hood 0-0: Ball
1-0: Called Strike
1-1: Ground out 4-3 (Groundball, 4)
Batting: LHB Marc Nash 0-0: Ball
1-0: Ball
2-0: Called Strike
2-1: Called Strike
2-2: Ball
3-2: Fly out, F6 (Popup, 6D)
Bottom of the 6th over - 0 run(s), 0 hit(s), 0 error(s), 0 left on base; Iowa State 2 - Oklahoma State 2
TOP OF THE 7TH
Iowa State Cyclones batting - Pitching for Oklahoma State Cowboys : RHP Paul Sánchez
Batting: RHB Frank Latham 0-0: Foul Ball, location: 2F
0-1: Swinging Strike
0-2: Foul Ball, location: 2F
0-2: Strikes out swinging
Batting: LHB Jerry Trent 0-0: Ball
1-0: Foul Ball, location: 2F
1-1: Fly out, F7 (Flyball, 78M)
Batting: RHB Steve Burton 0-0: Ball
1-0: Fly out, F8 (Flyball, 8LM)
Top of the 7th over - 0 run(s), 0 hit(s), 0 error(s), 0 left on base; Iowa State 2 - Oklahoma State 2
BOTTOM OF THE 7TH
Oklahoma State Cowboys batting - Pitching for Iowa State Cyclones : RHP Richard Lee
Batting: LHB Bryan Davis 0-0: Ball
1-0: Ball
2-0: Fly out, F8 (Flyball, 78D)
Batting: LHB César Colón 0-0: Swinging Strike
0-1: Called Strike
0-2: Strikes out swinging
Batting: LHB Bill Bryan 0-0: Ball
1-0: Called Strike
1-1: Ball
2-1: Foul Ball, location: 2F
2-2: Foul Ball, location: 2F
2-2: Strikes out swinging
Bottom of the 7th over - 0 run(s), 0 hit(s), 0 error(s), 0 left on base; Iowa State 2 - Oklahoma State 2
TOP OF THE 8TH
Iowa State Cyclones batting - Pitching for Oklahoma State Cowboys : RHP Paul Sánchez
Batting: RHB Fernando Garza 0-0: Ball
1-0: Ball
2-0: Ground out 6-3 (Groundball, 6)
Batting: RHB Arlen Jones 0-0: Called Strike
0-1: SINGLE (Line Drive, 8LS)
Batting: RHB Ira Ross 0-0: Foul Ball, location: 2F
0-1: Ball
1-1: Ball
2-1: Ball
3-1: Base on Balls
Arlen Jones to second
Batting: RHB Robert Snyder 0-0: Ball
1-0: Ball
2-0: Called Strike
2-1: Foul Ball, location: 2F
2-2: Strikes out swinging
Batting: RHB Arnold Hull 0-0: Called Strike
0-1: Ball
1-1: Called Strike
1-2: Ball
2-2: Ball
3-2: Foul Ball, location: 2F
3-2: Foul Ball, location: 2F
3-2: Base on Balls
Arlen Jones to third
Ira Ross to second
Batting: LHB Dale Miller 0-0: Ball
1-0: Called Strike
1-1: SINGLE (Line Drive, 6MD)
Arlen Jones scores
Ira Ross to third
Arnold Hull to second
Batting: RHB Frank Latham 0-0: SINGLE (Groundball, 4MD)
Ira Ross scores
Arnold Hull to third
Dale Miller to second
Runner from 3rd tries for Home, SAFE, no throw or cutoff
Pitching: RHP Dawson Piper
Batting: LHB Jerry Trent 0-0: Ball
1-0: Ball
2-0: Foul Ball, location: 2F
2-1: Foul Ball, location: 2F
2-2: Ball
3-2: Fly out, F9 (Flyball, 89M)
Top of the 8th over - 3 run(s), 3 hit(s), 0 error(s), 2 left on base; Iowa State 5 - Oklahoma State 2
BOTTOM OF THE 8TH
Oklahoma State Cowboys batting - Pitching for Iowa State Cyclones : RHP Richard Lee
Batting: RHB Joe Sulley 0-0: Ground out 5-3 (Groundball, 56S)
Pitching: RHP Kyle Rumbolt
Batting: RHB John Lynch 0-0: SINGLE (Flyball, 8LS)
Pitching: RHP Derek Baker
Batting: RHB Augusto Padilla 0-0: Ball
1-0: Called Strike
1-1: Swinging Strike
1-2: Ball
2-2: Ball
3-2: Base on Balls
John Lynch to second
Pitching: LHP Raúl Rivas
Batting: LHB Cristián Rodríguez 0-0: Called Strike
0-1: Foul Ball, location: 2F
0-2: Foul Ball, location: 2F
0-2: Ball
1-2: Ball
2-2: Strikes out swinging
Pitching: RHP António Baca
Batting: SHB Ernest Hood 0-0: 3-RUN HOME RUN (Line Drive, 89XD), Distance : 391 ft
Batting: LHB Marc Nash 0-0: Ball
1-0: SINGLE (Flyball, 78S)
Batting: LHB Bryan Davis 0-0: Ball
1-0: Swinging Strike
1-1: Foul Ball, location: 2F
1-2: Ball
2-2: Ball
3-2: Ground out 1-3 (Groundball, 13)
Bottom of the 8th over - 3 run(s), 3 hit(s), 0 error(s), 1 left on base; Iowa State 5 - Oklahoma State 5
TOP OF THE 9TH
Iowa State Cyclones batting - Pitching for Oklahoma State Cowboys : RHP Dawson Piper
Pitching: RHP Stu Morris
Batting: RHB Steve Burton 0-0: Ball
1-0: Ball
2-0: Foul Ball, location: 2F
2-1: Ball
3-1: Base on Balls
Batting: RHB Fernando Garza 0-0: Called Strike
0-1: Called Strike
0-2: Ball
1-2: Fielders Choice at 2nd, 6-4 (Groundball, 6M)
Batting: RHB Arlen Jones 0-0: Called Strike
0-1: Swinging Strike
0-2: Strikes out swinging
Batting: RHB Ira Ross 0-0: Called Strike
0-1: Called Strike
0-2: Ball
1-2: SINGLE (Groundball, 56D)
Fernando Garza to second
Batting: RHB Robert Snyder 0-0: Ball
1-0: Swinging Strike
1-1: Swinging Strike
1-2: Strikes out looking
Top of the 9th over - 0 run(s), 1 hit(s), 0 error(s), 2 left on base; Iowa State 5 - Oklahoma State 5
BOTTOM OF THE 9TH
Oklahoma State Cowboys batting - Pitching for Iowa State Cyclones : RHP António Baca
Pitching: LHP Tom Martin
Pinch Hitting: RHB Ryan Williams 0-0: Fly out, F9 (Line Drive, 9M)
Batting: LHB Bill Bryan 0-0: Foul Ball, location: 2F
0-1: Ball
1-1: Ball
2-1: Foul Ball, location: 2F
2-2: Ball
3-2: SINGLE (Line Drive, 6)
Batting: RHB Joe Sulley 0-0: Called Strike
0-1: Foul Ball, location: 2F
0-2: Ball
1-2: Ball
2-2: Ball
3-2: Base on Balls
Bill Bryan to second
Batting: RHB John Lynch 0-0: Ball
1-0: Foul Ball, location: 2F
1-1: Ball
2-1: Fly out, F7 (Flyball, 7LM)
Batting: RHB Augusto Padilla 0-0: SINGLE (Line Drive, 56D)
Bill Bryan to third
Joe Sulley to second
Runner from 3rd tries for Home, SAFE, no throw or cutoff
Monday, December 5th, 2016 - OOTP Baseball 17.12 Build 75